 Dungeon Crawl Stone Soup version 0.30.0-10-gfe55d96785 (webtiles) character file.

Game seed: 9931711270526272479

1548 Orangeyouglad the Conjurer (level 9, -1/99 HPs)
             Began as a Human Conjurer on May 16, 2023.
             Slain by Maggie
             ... wielding a +0 scimitar
              (14 damage)
             ... on level 6 of the Dungeon.
             The game lasted 00:18:09 (7200 turns).

Orangeyouglad the Conjurer (Human Conjurer)         Turns: 7200, Time: 00:18:09

Health: -1/99      AC: 24    Str:  7    XL:     9   Next: 12%
Magic:  9/22       EV:  2    Int: 23    God:
Gold:   211        SH:  0    Dex: 12    Spells: 8/14 levels left

rFire   . . .        c - +0 rapier
rCold   . . .        (no shield)
rNeg    . . .        q - melded +2 leather armour {rF+}
rPois   +            (helmet currently unavailable)
rElec   .            (cloak currently unavailable)
rCorr   .            (gloves currently unavailable)
SInv    .            (boots currently unavailable)
Will    .....        d - amulet of the acrobat
Stlth   ++           b - ring of magical power
HPRegen 0.36/turn    (no ring)
MPRegen 0.18/turn

%: acrobat
@: mighty, tree-form, mesmerised
A: stationary, stasis, torment immunity, boosted hp
a: no special abilities


You were on level 6 of the Dungeon.
You were a tree.
You visited 1 branch of the dungeon, and saw 6 of its levels.

You collected 211 gold pieces.

Inventory:

Hand Weapons
 c - a +0 rapier (weapon)
Missiles
 m - 4 boomerangs (quivered)
Armour
 a - a +0 robe
 q - a +2 leather armour of fire resistance (melded)
Jewellery
 b - a ring of magical power (left branch)
 d - an amulet of the acrobat (around neck)
 w - a +6 ring of strength
Scrolls
 e - a scroll of identify
 f - a scroll of torment
 j - a scroll of amnesia
 k - a scroll of teleportation {unknown}
 n - 2 scrolls of blinking
 p - a scroll of magic mapping {unknown}
 s - 5 scrolls of enchant armour {unknown}
Potions
 g - 3 potions of invisibility
 h - 2 potions of lignification
 i - a potion of cancellation {unknown}
 l - 2 potions of curing
 o - 4 potions of attraction
 u - 3 potions of flight {unknown}
 v - 4 potions of haste {unknown}
 x - a potion of ambrosia {unknown}
 z - a potion of mutation {unknown}


   Skills:
 + Level 4.5 Fighting
 + Level 5.6 Dodging
 - Level 4.0 Stealth
 - Level 3.0 Spellcasting
 + Level 6.7 Conjurations
 + Level 4.0 Hexes


You had 8 spell levels left.
You knew the following spells:

 Your Spells              Type           Power      Damage    Failure   Level
a - Magic Dart            Conj           100%       1d8       1%          1
b - Searing Ray           Conj           68%        2d6       1%          2
c - Dazzling Flash        Conj/Hex       56%        N/A       3%          3

Your spell library contained the following spells:

 Spells                   Type           Power      Damage    Failure   Level
 Sting                    Tmut/Pois      12%        1d3       12%         1
 Fulminant Prism          Conj/Hex       14%        3d9       13%         4
 Poisonous Vapours        Pois/Air       6%         N/A       17%         2
 Iskenderun's Mystic Bla  Conj/Tloc      18%        2d6       28%         4
 Vhi's Electric Charge    Tloc/Air       6%         N/A       34%         3
 Arcjolt                  Conj/Air       9%         1d19      63%         5
 Olgreb's Toxic Radiance  Pois           3%         N/A       75%         4
 Plasma Beam              Fire/Air       1%         2x1d12    100%        6


Dungeon Overview and Level Annotations

Branches:
Dungeon (6/15)
 Temple: D:4-7

Altars:
Cheibriados
Fedhas
Kikubaaqudgha
Makhleb
Yredelemnul

Shops:
D:1 =   D:5 (

Annotations:
D:3 Edmund
D:6 Maggie


Message History

Casting: Dazzling Flash (dangerous; 6% risk of failure)
Press: ? - help, Dir - look around, f - activate Maggie is dazzled.
Maggie barely misses you.
You aren't carrying any items that you can evoke.
Unknown command.
Okay, then.
You feel very mighty all of a sudden. Maggie casts a spell at you.
The bolt of fire hits you! You resist.
You hit Maggie but do no damage.
Maggie is heavily wounded.
Maggie barely misses you.
You hit Maggie.
Maggie is heavily wounded.
Maggie is no longer blind.
Maggie shouts!
You puncture Maggie!
Maggie is severely wounded.
Maggie hits you with a +0 scimitar!
* * * LOW HITPOINT WARNING * * *
You hit Maggie.
Maggie is almost dead.
Maggie barely misses you. Maggie hits you with a +0 scimitar!
* * * LOW HITPOINT WARNING * * *
You feel better.
Maggie points at you and mumbles some strange words.
The bolt of fire hits you. You resist.
* * * LOW HITPOINT WARNING * * *
You aren't carrying any items that you can evoke.
Unknown command.
Okay, then.
Really quaff the potion of lignification?
You turn into a tree.
Your +2 leather armour of fire resistance melds into your body.
You feel less resistant to fire.
Your roots penetrate the ground.
Maggie casts a spell.
Maggie attempts to bespell you!
You are mesmerised by Maggie!
You feel better. Maggie hits you with a +0 scimitar!
You die...

#...... ##.....
#..... ### ##....
...## #....
....##########
##.... #..........#
##..#..
###..........#
#..###.
##....♣@..(..(###.##
##
#.................#
#................##
##...........#....#
#............###..#
#...........## #.##
#.[.........# #.#
#<.........## #..
##.........## ...


You could see Maggie (mesmerising, strong).

Vanquished Creatures
  Grinder (D:3)
  Eustachio (D:4)
  An ogre (D:5)
  A phantom (D:5)
  A necrophage (D:4)
  3 scorpions (D:5)
  A wight (D:4)
  A howler monkey (D:4)
  A bullfrog zombie (D:4)
  2 hounds (D:5)
  An iron imp (D:3)
  2 orc priests
  3 jellies (D:4)
  A human zombie (D:4)
  2 iguanas
  2 sleepcaps
  Jessica (D:2)
  2 scorpion zombies (D:4)
  3 mummies (D:4)
  7 adders
  A white imp (D:6)
  2 ufetubi
  2 adder zombies (D:4)
  6 worms
  2 dart slugs
  13 orcs
  3 ball pythons
  8 endoplasms
  A giant cockroach (D:4)
  6 goblins
  5 hobgoblins
  6 jackals
  6 quokkas
  10 bats
  3 frilled lizards
  A jackal zombie (D:4)
  3 kobolds
  5 rats
120 creatures vanquished.

Vanquished Creatures (others)
  A human (D:4)
1 creature vanquished.

Grand Total: 121 creatures vanquished

Notes
Turn   | Place    | Note
-------+----------+-------------------------------------------
     0 | D:1      | Orangeyouglad the Human Conjurer began the quest for the
                  | Orb.
     0 | D:1      | Reached XP level 1. HP: 13/13 MP: 3/3
   251 | D:1      | Found Jiwot's Jewellery Shoppe.
   293 | D:1      | Reached XP level 2. HP: 19/19 MP: 3/5
   543 | D:1      | Learned a level 2 spell: Searing Ray
  1195 | D:2      | Reached XP level 3. HP: 24/24 MP: 1/6
  1524 | D:2      | Noticed Jessica
  1530 | D:2      | Killed Jessica
  1531 | D:2      | Reached XP level 4. HP: 30/30 MP: 3/7
  2378 | D:3      | Found a snail-covered altar of Cheibriados.
  2384 | D:3      | Reached XP level 5. HP: 35/35 MP: 2/9
  3326 | D:3      | Noticed Grinder
  3470 | D:3      | Paralysed by Grinder for 4 turns
  3504 | D:3      | Killed Grinder
  3505 | D:3      | Reached skill level 1 in Fighting
  3505 | D:3      | Reached skill level 5 in Conjurations
  3505 | D:3      | Reached XP level 6. HP: 31/44 MP: 4/10
  3687 | D:3      | Learned a level 3 spell: Dazzling Flash
  3853 | D:3      | Reached XP level 7. HP: 49/49 MP: 11/11
  4023 | D:4      | Noticed Edmund
  4581 | D:4      | Noticed Eustachio
  4619 | D:4      | Reached skill level 1 in Hexes
  4645 | D:4      | Killed Eustachio
  4867 | D:4      | Reached XP level 8. HP: 58/58 MP: 12/12
  5140 | D:4      | Found an ancient bone altar of Kikubaaqudgha.
  5141 | D:4      | Noticed a human
  5143 | D:4      | Killed a human
  5338 | D:4      | Found a basalt altar of Yredelemnul.
  5452 | D:4      | Reached skill level 6 in Conjurations
  5744 | D:5      | Entered Level 5 of the Dungeon
  5769 | D:5      | Found a blossoming altar of Fedhas.
  5792 | D:5      | Reached skill level 5 in Dodging
  6520 | D:5      | Reached XP level 9. HP: 66/66 MP: 13/13
  6730 | D:5      | Found a burning altar of Makhleb.
  6914 | D:5      | Found Boubi's Antique Weapon Boutique.
  7113 | D:6      | Noticed Maggie
  7138 | D:6      | Identified the +2 barding of Hoakac {rElec rF++ Regen+
                  | Dex-5}
  7197 | D:6      | HP: 2/66 [Maggie/+0 scimitar (9)]
  7200 | D:6      | Slain by Maggie

Illustrated notes

Levels and vault maps discovered:
D:1:      lightli_arrival_isolated_outpost, layout_basic, serial_shops,
          nicolae_shop_real_fake_doors, minmay_quantized
D:2:      layout_basic, minmay_misc_feat_doors, uniq_jessica
D:3:      layout_loops_cross, slow_altar_1, uniq_grinder
D:4:      layout_rooms, lemuel_mausoleum_altar_yredelemnul, tgw_kikubaaqudgha,
          minmay_statues_item, uniq_eustachio, uniq_edmund
D:5:      layout_loops_ring, serial_shops, kennysheep_mini, grunt_ministairs_2,
          hangedman_feature_mirror, minmay_misc_feat_nine_boxes,
          roderic_roman_lattice, grunt_decor_cap, minmay_misc_feat_columns
D:6:      minmay_thinvault, layout_cave_pods, nicolae_overflow_two_pavilions,
          minmay_temple_entry_gardened_gates, gammafunk_ghost_gnarly_gnolls,
          uniq_maggie, uniq_blork_the_orc

Skill      XL: |  1  2  3  4  5  6  7  8  9 |
---------------+----------------------------+-----
Stealth        | 3 4 |  4.0
Dodging        | 3 4 5 |  5.6
Spellcasting   | 3 |  3.0
Fighting       | 1 3 4 |  4.5
Conjurations   | 5 6 |  6.7
Hexes          | 2 3 4 |  4.0

Action                     |  1- 3 |  4- 6 |  7- 9 || total
---------------------------+-------+-------+-------++-------
  Melee: Short sword       |    13 |    26 |     7 ||    46
         Rapier            |       |       |    25 ||    25
  Throw: Dart              |       |       |     2 ||     2
   Cast: Magic Dart        |    43 |    66 |    71 ||   180
         Searing Ray       |     2 |    15 |    51 ||    68
         Dazzling Flash    |       |       |    13 ||    13
    Use: Potion            |       |     1 |     4 ||     5
         Scroll            |       |       |     8 ||     8
   Stab: Invisible         |       |       |     1 ||     1
         Sleeping          |       |       |     1 ||     1
 Armour: Robe              |     4 |       |       ||     4
         Leather armour    |       |    19 |    16 ||    35
  Dodge: Dodged            |    11 |    36 |    94 ||   141
